 Dungeon Crawl Stone Soup version 0.20-a0-1039-gf554463 (webtiles) character file.

125 Monsterracer the Chiller (level 5, -5/35 HPs)
             Began as a Merfolk Ice Elementalist on Apr 22, 2017.
             Killed by divine providence
             ... invoked by an orc priest
              (16 damage)
             ... on level 3 of the Dungeon.
             The game lasted 00:08:44 (3929 turns).

Monsterracer the Chiller (Merfolk Ice Elementalist) Turns: 3929, Time: 00:08:44

Health: -5/35      AC:  7    Str:  8    XL:     5   Next: 9%
Magic:  0/9        EV: 13    Int: 16    God:
Gold:   270        SH:  0    Dex: 14    Spells: 3/9 levels left

rFire    . . .     SeeInvis .   l - +1 spear
rCold    . . .     Gourm    .   (no shield)
rNeg     . . .     Faith    .   a - +0 robe
rPois    +         Spirit   .   (no helmet)
rElec    .         Reflect  .   (no cloak)
rCorr    .         Harm     .   (no gloves)
MR       +....                  (no boots)
Stlth    ++........             (no amulet)
Regen    0.2/turn               i - ring of protection from magic
MPRegen  0.2/turn               p - ring of poison resistance

@: icy armour, slow
A: change form in water, swift swim, stealthy swim
a: no special abilities


You were on level 3 of the Dungeon.
You were not hungry.

You visited 1 branch of the dungeon, and saw 3 of its levels.

You collected 270 gold pieces.

Inventory:

Hand Weapons
 l - a +1 spear (weapon)
Armour
 a - a +0 robe (worn)
Jewellery
 e - a +1 ring of evasion
 i - a ring of protection from magic (left hand)
 j - an uncursed amulet of faith
 p - a ring of poison resistance (right hand)
 s - an uncursed ring of teleportation
 u - an uncursed ring of see invisible
Scrolls
 f - 2 scrolls of teleportation
 g - 2 scrolls of remove curse
 h - 3 scrolls of identify
 k - a scroll of enchant weapon
 m - 3 scrolls of recharging {unknown}
 n - 2 scrolls of fog {unknown}
 r - a scroll of amnesia {unknown}
Potions
 o - a potion of heal wounds
Books
 b - a book of Frost

   Spells                             Type                      Level
   a - Freeze                         Ice                          1
   b - Throw Frost                    Conjuration/Ice              2
   c - Ozocubu's Armour               Charms/Ice                   3
   d - Throw Icicle                   Conjuration/Ice              4
   e - Summon Ice Beast               Ice/Summoning                4
Comestibles
 c - 3 bread rations
 d - 2 meat rations
 q - a royal jelly
 t - a chunk of flesh


   Skills:
 + Level 0.0 Fighting
 * Level 2.6 Polearms
 - Level 2.6 Dodging
 - Level 2.1 Stealth
 + Level 2.9 Spellcasting
 - Level 1.0 Conjurations
 - Level 5.0 Ice Magic


You had 3 spell levels left.
You knew the following spells:

 Your Spells              Type           Power        Failure   Level  Hunger
a - Freeze                Ice            ###.         2%          1    #......
b - Throw Frost           Conj/Ice       ##....       9%          2    ##.....
c - Ozocubu's Armour      Chrm/Ice       ##......     21%         3    ###....


Dungeon Overview and Level Annotations

Branches:
Dungeon (3/15)

Altars:
Elyvilon


Message History

The orc priest barely misses you. The orc hits you.
You barely miss the orc priest.
The orc priest is heavily wounded.
The orc priest hits you but does no damage.
The orc misses you.
You barely miss the orc priest.
The orc priest is heavily wounded.
The orc priest closely misses you. The orc hits you.
You hit the orc priest but do no damage.
The orc priest is heavily wounded.
The orc priest hits you but does no damage.
The orc closely misses you.
You hit the orc priest but do no damage.
The orc priest is heavily wounded.
The orc priest barely misses you. The orc hits you.
You barely miss the orc priest.
The orc priest is heavily wounded.
The orc priest invokes the aid of Beogh against you.
Beogh smites you!
You die...

#####.#.......##.#####
....#.#######.##...).#
###.#......##.##.###.#
......####.##..#.###.#
....#.###............#
..........####...#####
รท...#.###..(.........#
)...#.#
#..####..###.###
...##<#
#.....#.@...(..#
...####
##....#oo....#.# ...#
#######....##.# ...#
#.......#.##.# ####
###.#...#.##.#
#.#.#......#
#.......#### ###.#####
#.###.##


You could see an orc priest and an orc.

Vanquished Creatures
  An orc wizard (D:3)
  2 adders
  3 oozes
  A dart slug (D:2)
  4 leopard geckos
  A ball python (D:1)
  6 giant cockroaches
  6 goblins
  5 hobgoblins
  13 kobolds
  A quokka (D:2)
  7 bats
  3 frilled lizards
  10 rats
63 creatures vanquished.

Notes
Turn   | Place    | Note
-------+----------+-------------------------------------------
     0 | D:1      | Monsterracer the Merfolk Ice Elementalist began the quest for the Orb.
     0 | D:1      | Reached XP level 1. HP: 13/13 MP: 3/3
   308 | D:1      | Reached XP level 2. HP: 16/19 MP: 3/5
   655 | D:1      | Learned a level 2 spell: Throw Frost
   893 | D:1      | Reached skill level 4 in Ice Magic
   949 | D:1      | Reached skill level 1 in Conjurations
  1195 | D:1      | Reached XP level 3. HP: 10/24 MP: 0/6
  1366 | D:1      | Learned a level 3 spell: Ozocubu's Armour
  2242 | D:2      | Found a white marble altar of Elyvilon.
  2257 | D:2      | Reached XP level 4. HP: 24/30 MP: 7/7
  2803 | D:2      | Reached skill level 1 in Polearms
  3918 | D:3      | Reached skill level 5 in Ice Magic
  3918 | D:3      | Reached XP level 5. HP: 30/35 MP: 0/9
  3929 | D:3      | Killed from afar by an orc priest

Vault maps used:
D:1:      ncdulo_wetmaze, minmay_misc_feat_ornament, minmay_split_cup_small
D:2:      minmay_wonky_spiral, elyvilon_altar_3
D:3:      first_bread, moated_statue

Skill      XL: |  1  2  3  4 |
---------------+-------------+-----
Ice Magic      | 4 5 |  5.0
Conjurations   | 1 |  1.0
Polearms       | 2 |  2.6
Dodging        | |  2.6
Stealth        | |  2.1
Spellcasting   | |  2.9

Action                   |  1- 3 |  4- 6 || total
-------------------------+-------+-------++-------
Melee: Dagger            |    85 |       ||    85
       Unarmed           |     5 |       ||     5
       Spear             |     6 |    79 ||    85
       Tailslap          |     2 |       ||     2
 Cast: Freeze            |    34 |     8 ||    42
       Throw Frost       |     7 |    15 ||    22
       Ozocubu's Armour  |     2 |     3 ||     5
  Use: Potion            |     3 |     1 ||     4
       Scroll            |     1 |     4 ||     5
 Stab: Sleeping          |     4 |     4 ||     8
  Eat: Chunk             |     5 |     7 ||    12
Armor: Robe              |    25 |    20 ||    45
Dodge: Dodged            |   100 |    52 ||   152
